Cogmind - Beta 13 *** ADVENTURER MODE // 2024.05.28 @ 21:17:33 Player: Blade Result: Destroyed by G-50 Soldier with Heavy Laser Performance ------------- Evolutions (5) 2500 Regions Visited (11) 2200 Robots Destroyed (55) 275 Value Destroyed (2202) 2202 Prototype IDs (12) 240 Alien Tech Used (0) 0 Bonus (2335) 2335 TOTAL SCORE: 9752 Bonus ------- High Alert Combat Kills 155 Follower Combat Kills 1834 Built Enhanced Grunts 300 A7 Reached Mainframe 300 Friendly Fire -254 Cogmind --------- Core Integrity 0/1000 Matter 102/300 Energy 94/100 System Corruption 7% Temperature Cool (9) Movement Core (50) Location -5/Factory Parts ------- > --- POWER (1) -------- (None) > --- PROPULSION (4) --- (None) > --- UTILITY (9) ------ (None) > --- WEAPON (3) ------- (None) > --- INVENTORY (5) ---- (None) Peak State ------------ > --- POWER ------------ Quantum Reactor > --- PROPULSION ------- Armored Treads Medium Treads Medium Treads Improved Medium Treads > --- UTILITY ---------- Large Storage Unit Visual Processing Unit Advanced Visual Processing Unit Advanced Sensor Array Improved Signal Interpreter Advanced Terrain Scan Processor Centrium Medium Armor Plating Centrium Medium Armor Plating Thermal Defense Suite > --- WEAPON ----------- Advanced Variable Charge Gun Advanced KE Penetrator Phasing Sabre > --- INVENTORY -------- Angular Momentum Engine Neutrino Core Quantum Reactor Medium Treads Enhanced Flexi-carbon Leg Sensor Array Advanced Terrain Scanner Centrium Medium Armor Plating Pulse Rifle Pulse Rifle Advanced Variable Charge Gun Grenade Launcher Grenade Launcher Plasma Cutter [Rating: 95] Favorites ----------- Power Deuterium Engine Engine Deuterium Engine Power Core Neutrino Core Reactor Quantum Reactor Propulsion Medium Treads Treads Medium Treads Leg Aluminum Leg Wheel Wheel Utility Large Storage Unit Device Advanced Sensor Array Storage Large Storage Unit Processor Visual Processing Unit Hackware Authchip [R/Combat] Protection Light Armor Plating Weapon Chainsword Energy Gun Advanced Variable Charge Gun Energy Cannon Cooled Plasma Cannon Ballistic Gun Advanced KE Penetrator Ballistic Cannon Light Cannon Launcher Improved Proton Missile Launcher Special Weapon Plasma Cutter Slashing Weapon Chainsword Build | -11 -10 -9 -9 -9 -7 -6 -6 -6 -6 -6 -5 ------- Run | Yrd Mat Mat Sto Rec Fac Fac Ext Cet Arc Hub Fac Slots Evolved 10 | . . 2 . . 4 2 . . . . 2 Power . | . . . . . . . . . . . . Propulsion 2 | . . . . . 2 . . . . . . Utility 7 | . . 2 . . 2 1 . . . . 2 Weapon 1 | . . . . . . 1 . . . . . Parts Attached 86 | . 5 10 6 5 8 14 8 4 . 5 21 Power 13 | . . 5 . . 1 . 1 1 . 1 4 Engine 6 | . . 5 . . . . . . . . 1 Core 4 | . . . . . 1 . 1 . . . 2 Reactor 3 | . . . . . . . . 1 . 1 1 Propulsion 18 | . 2 1 . 1 . 5 2 . . 1 6 Treads 14 | . 2 1 . 1 . 5 2 . . 1 2 Leg 1 | . . . . . . . . . . . 1 Wheel 3 | . . . . . . . . . . . 3 Hover . | . . . . . . . . . . . . Flight . | . . . . . . . . . . . . Utility 24 | . 1 2 . 3 4 3 4 1 . 1 5 Device 6 | . . . . 1 1 1 1 . . . 2 Storage 1 | . 1 . . . . . . . . . . Processor 7 | . . 1 . . 3 1 1 . . . 1 Hackware 1 | . . . . 1 . . . . . . . Protection 9 | . . 1 . 1 . 1 2 1 . 1 2 Artifact . | . . . . . . . . . . . . Weapon 31 | . 2 2 6 1 3 6 1 2 . 2 6 Energy Gun 10 | . . 2 2 . . 2 . 1 . . 3 Energy Cannon 4 | . . . 1 . 1 2 . . . . . Ballistic Gun 2 | . . . 1 . . . . 1 . . . Ballistic Cannon 2 | . 2 . . . . . . . . . . Launcher 6 | . . . 2 1 . 1 . . . . 2 Special Weapon 3 | . . . . . 1 . . . . 1 1 Impact Weapon . | . . . . . . . . . . . . Slashing Weapon 4 | . . . . . 1 1 1 . . 1 . Piercing Weapon . | . . . . . . . . . . . . Special Melee Weapon . | . . . . . . . . . . . . Unidentified Prototypes 12 | . . 1 3 . 1 2 1 3 . . 1 Corrupted Parts 2 | . . . . . . . . 1 . 1 . System Corruption 8 | . . . . . . . . 2 . 6 . Parts Lost 31 | . . . . . . . . . . . 31 Power 4 | . . . . . . . . . . . 4 Propulsion 9 | . . . . . . . . . . . 9 Utility 9 | . . . . . . . . . . . 9 Weapon 9 | . . . . . . . . . . . 9 Highest Loss Streak 14 | . . . . . . . . . . . 14 To Critical Strikes . | . . . . . . . . . . . . Average Slot Usage (%) 92 | . 85 85 87 92 82 95 100 99 100 100 90 Engine 3 | . 14 10 11 11 5 . . . . . . Core 2 | . . . . . 1 6 6 1 . . . Reactor 1 | . . . . . . . . 4 6 6 4 Treads 22 | . 20 22 22 22 15 22 26 26 26 26 19 Device 6 | . . . . . 3 6 11 13 13 13 10 Storage 7 | . 14 11 11 11 7 6 6 6 6 6 4 Processor 17 | . . 9 11 11 17 20 20 20 20 20 21 Hackware 2 | . . . . 10 7 1 . . . . . Protection 7 | . . 10 11 4 7 10 7 6 6 6 9 Energy Gun 4 | . . 19 16 6 . 1 . 5 6 6 5 Energy Cannon 4 | . . . 3 11 6 6 6 . . . . Ballistic Gun 1 | . 8 . . . . . . 5 6 6 4 Launcher 2 | . . . . 5 3 4 6 . . . . Slashing Weapon 3 | . . . . . 3 5 6 6 6 5 3 Naked Turns 1 | . . . . . . . . . . . 1 Heaviest Build 75 | 12 32 50 51 51 43 51 67 67 67 67 75 Greatest Support 106 | 20 40 40 40 40 40 104 106 106 106 106 106 Greatest Overweight (x) 6 | . 1 1 1 1 1 1 . . . . 6 Average Overweight (x) . | . . . 1 . . . . . . . . Largest Inventory Capacity 15 | 8 15 15 15 15 15 15 15 15 15 15 15 Average Capacity 14 | 8 14 15 15 15 15 15 15 15 15 15 14 Most Carried 15 | 6 6 15 15 15 15 15 15 15 14 14 15 Average Carried 13 | 6 6 13 14 14 14 14 14 14 14 14 12 Final Capacity 15 | 8 15 15 15 15 15 15 15 15 15 15 5 Final Carried 15 | 6 6 14 15 15 15 15 15 14 14 14 . Class Distribution -------------------- 40% | Scavenger-Assassin 31% | Mutant 20% | Commander-Assassin 3% | Scavenger-Skirmisher Dominant Class ---------------- Mutant | -10/Materials Mutant | -9/Materials Mutant | -9/Storage Mutant | -9/Recycling Scavenger-Assassin | -7/Factory Scavenger-Assassin | -6/Factory Commander-Assassin | -6/Extension Commander-Assassin | -6/Cetus Commander-Assassin | -6/Archives Scavenger-Assassin | -6/Hub_04(d) Scavenger-Assassin | -5/Factory Resources | -11 -10 -9 -9 -9 -7 -6 -6 -6 -6 -6 -5 ----------- Run | Yrd Mat Mat Sto Rec Fac Fac Ext Cet Arc Hub Fac Matter Collected 1290 | 200 64 64 190 55 30 151 115 60 8 70 283 Remotely . | . . . . . . . . . . . . Salvage Created 2308 | . 71 64 415 113 34 114 380 71 . 178 868 Parts 129 | . 12 10 28 6 1 3 19 3 . 10 37 Haulers Intercepted . | . . . . . . . . . . . . Recyclers Shooed 2 | . 1 1 . . . . . . . . . Parts Field Recycled . | . . . . . . . . . . . . Retrieved Matter . | . . . . . . . . . . . . Parts Self-Destructed . | . . . . . . . . . . . . Prevented . | . . . . . . . . . . . . Kills | -11 -10 -9 -9 -9 -7 -6 -6 -6 -6 -6 -5 ------- Run | Yrd Mat Mat Sto Rec Fac Fac Ext Cet Arc Hub Fac Combat Hostiles Destroyed 40 | . 4 1 9 2 . 2 3 1 . 1 17 Guns 24 | . . 1 5 1 . . . . . 1 16 Cannons 15 | . 4 . 4 1 . 2 3 1 . . . AOE 1 | . . . . . . . . . . . 1 Classes Destroyed 13 | . 3 1 1 . . 1 4 . . 1 2 Worker 2 | . . . . . . . . . . 1 1 Builder 1 | . . . . . . . 1 . . . . Tunneler 1 | . . . . . . . . . . . 1 Recycler 1 | . . . . . . . 1 . . . . Operator 3 | . . . 1 . . . 2 . . . . Watcher 6 | . 2 1 1 . 1 . . . . . 1 Swarmer 8 | . 3 . . . . . . . . . 5 Grunt 13 | . 1 . 8 . . . . . . . 4 Brawler 3 | . . . . . . . 1 . . . 2 Sentry 9 | . . 1 1 2 . 1 1 . . 1 2 Hunter 2 | . . . . . . . . . . . 2 Programmer 3 | . . . . . . 1 . . . . 2 Behemoth 1 | . . . . . . . 1 . . . . Cetus Guard 1 | . . . . . . . . 1 . . . Enhanced Grunt 1 | . . . . . . . . . . 1 . Best Kill Streak 6 | . 2 1 5 1 1 1 3 1 . 2 6 Combat Bots Only 5 | . 2 1 3 1 . 1 1 1 . 1 5 Max Kills in Single Turn 2 | . 1 1 1 1 1 1 1 1 . 2 2 Gunslinging . | . . . . . . . . . . . . Exploded 1 | . . . . . . . . . . . 1 Melee . | . . . . . . . . . . . . Uniques/NPCs Destroyed . | . . . . . . . . . . . . Combat | -11 -10 -9 -9 -9 -7 -6 -6 -6 -6 -6 -5 -------- Run | Yrd Mat Mat Sto Rec Fac Fac Ext Cet Arc Hub Fac Hostile Shots Fired 607 | . 24 2 36 9 . 10 81 5 . 15 425 Missed 163 | . 9 . 8 4 . 1 31 1 . 6 103 Damage Taken 6116 | . 94 36 311 62 119 66 345 73 20 115 4875 Core 1131 | . 22 . 20 11 15 4 17 13 . 26 1003 Absorbed by Shields 98 | . . . . . . . 77 21 . . . Ignored by Resistances 2120 | . 32 10 92 18 31 20 196 39 6 73 1603 Core Remaining (%) 94 | 100 91 . . 92 97 . . . . 92 . Volleys Fired 151 | . 11 3 23 7 5 8 19 2 . 5 68 Largest 3 | . 2 2 2 2 2 1 1 2 . 2 3 Hottest 515 | . 70 126 126 113 110 105 105 185 . 115 515 Shots Fired 243 | . 22 6 38 11 6 8 19 3 . 6 124 Gun 159 | . . 6 25 4 . . . 1 . 5 118 Cannon 70 | . 22 . 10 7 3 8 18 2 . . . Launcher 10 | . . . 3 . . . 1 . . . 6 Special 4 | . . . . . 3 . . . . 1 . Kinetic 73 | . 22 . . . . . . . . 4 47 Thermal 151 | . . 6 30 7 6 8 18 3 . 2 71 Explosive 9 | . . . 3 . . . . . . . 6 Electromagnetic 10 | . . . 5 4 . . 1 . . . . Robot Hit Streak 27 | . 5 5 15 17 19 22 11 13 . 4 27 Robot Miss Streak 2 | . 1 1 2 . . 1 1 . . 1 2 Penetration Max 1 | . . . . . . . . . . 1 1 Secondary Targets 4 | . . . . . . . . . . . 4 Max Gunslinging Chain 1 | . . . . . . . . . . . 1 Shots Hit Robots 188 | . 13 5 24 10 2 7 20 2 . 4 101 Core Hits 87 | . 6 3 14 4 1 2 8 1 . 4 44 Critical Kills 5 | . . . . . . . . . . 1 4 Critical Parts Destroyed 4 | . . . . . . . . . . . 4 Critical Strikes 14 | . . . 1 . . . . . . 1 12 Burn 3 | . . . 1 . . . . . . . 2 Destroy 11 | . . . . . . . . . . 1 10 Melee Attacks 14 | . . . . . 3 1 8 . . . 2 Impact . | . . . . . . . . . . . . Slashing 14 | . . . . . 3 1 8 . . . 2 Piercing . | . . . . . . . . . . . . Sneak Attacks 4 | . . . . . . . 4 . . . . Combat Hostiles . | . . . . . . . . . . . . Follow-up Attacks . | . . . . . . . . . . . . Damage Inflicted 6383 | . 222 83 445 227 83 453 1201 155 . 168 3346 Guns 3142 | . . 81 263 75 . . . 27 . 163 2533 Cannons 1967 | . 218 . 182 124 83 453 779 128 . . . Explosions 878 | . . . . . . . 84 . . . 794 Melee 338 | . . . . . . . 338 . . . . Ramming 58 | . 4 2 . 28 . . . . . 5 19 Kinetic 1456 | . 218 . . . . . . . . 139 1099 Thermal 3695 | . . 81 353 124 83 453 779 155 . 24 1643 Explosive 585 | . . . . . . . . . . . 585 Electromagnetic 251 | . . . 92 75 . . 84 . . . . Impact . | . . . . . . . . . . . . Slashing 338 | . . . . . . . 338 . . . . Piercing . | . . . . . . . . . . . . Highest Corruption 8 | . . 1 1 1 . . . 2 2 8 7 Average Corruption 1 | . . 1 1 1 . . . 2 2 2 3 Corruption Purged . | . . . . . . . . . . . . Corruption Blocked . | . . . . . . . . . . . . Effects 27 | . . . . 4 . . . 8 2 4 9 Message Errors 5 | . . . . 1 . . . 2 . 1 1 Matter Fused 5 | . . . . . . . . 2 1 1 1 Heat Flow Errors 5 | . . . . 2 . . . 3 . . . Energy Discharges 5 | . . . . 1 . . . 1 1 1 1 Parts Rejected 1 | . . . . . . . . . . . 1 Parts Fused 1 | . . . . . . . . . . . 1 Data Loss (minor) 3 | . . . . . . . . . . 1 2 Data Loss (major) 2 | . . . . . . . . . . . 2 Overload Shots 25 | . . . . . 2 7 8 2 . . 6 Effects 2 | . . . . . . . 1 . . . 1 Energy Bleed 1 | . . . . . . . . . . . 1 Heat Surge 1 | . . . . . . . 1 . . . . Overflow Damage 232 | . . . . . 21 76 66 . . . 69 Projectiles 125 | . . . . . 21 76 28 . . . . Explosions 69 | . . . . . . . . . . . 69 Melee 38 | . . . . . . . 38 . . . . Knockbacks 5 | . 4 . . . . . . . . . 1 Impact 1 | . . . . . . . . . . . 1 Kinetic 4 | . 4 . . . . . . . . . . Secondary . | . . . . . . . . . . . . Self-Inflicted Damage 157 | . . . 24 . . . . . . . 133 Shots 8 | . . . 1 . . . . . . . 7 Rammed 9 | . 1 1 . 2 . . . . . 1 4 Targets Rammed 9 | . 1 1 . 2 . . . . . 1 4 Kicked . | . . . . . . . . . . . . Crushed . | . . . . . . . . . . . . Highest Temperature 996 | . 30 165 274 208 40 216 224 234 . 39 996 Average Temperature 140 | . 12 71 101 84 16 85 59 92 . 23 219 Received Heat Transfer 1485 | . 12 9 189 9 . . 132 13 . 51 1070 Effects 23 | . . . . . . . . 2 . . 21 Shutdowns 3 | . . . . . . . . . . . 3 Energy Bleed 2 | . . . . . . . . . . . 2 Interference 4 | . . . . . . . . 2 . . 2 Matter Decay 6 | . . . . . . . . . . . 6 Short Circuit 3 | . . . . . . . . . . . 3 Damage (minor) 2 | . . . . . . . . . . . 2 Damage (major) 2 | . . . . . . . . . . . 2 Damage (core) 1 | . . . . . . . . . . . 1 Siege Activations . | . . . . . . . . . . . . Robots Corrupted . | . . . . . . . . . . . . Combat Hostiles . | . . . . . . . . . . . . Parts Fried 3 | . . . . 2 . . 1 . . . . Impact Corruptions . | . . . . . . . . . . . . Robots Melted . | . . . . . . . . . . . . Combat Hostiles . | . . . . . . . . . . . . Parts Melted 13 | . . . 1 . . 5 4 . . . 3 Heat Transferred 5398 | . . 185 777 222 87 457 1040 197 . 37 2396 Parts Sabotaged . | . . . . . . . . . . . . Parts Stolen . | . . . . . . . . . . . . Parts Stripped . | . . . . . . . . . . . . Power Chain Reactions . | . . . . . . . . . . . . Alert | -11 -10 -9 -9 -9 -7 -6 -6 -6 -6 -6 -5 ------- Run | Yrd Mat Mat Sto Rec Fac Fac Ext Cet Arc Hub Fac Peak Influence 618 | . 137 101 291 131 63 37 228 223 70 448 618 Initial 189 | . . 49 . 95 63 . 12 111 7 20 189 Average 117 | . 56 57 135 74 26 15 100 120 60 172 422 Maximum Alert Level 2 | . . . 1 . . . 1 1 . 2 2 Low Security (%) 78 | 100 100 100 74 100 100 100 92 52 100 44 . Level 1 12 | . . . 25 . . . 7 47 . 50 27 Level 2 9 | . . . . . . . . . . 5 72 Level 3 . | . . . . . . . . . . . . Level 4 . | . . . . . . . . . . . . Level 5 . | . . . . . . . . . . . . High Security . | . . . . . . . . . . . . Max Security . | . . . . . . . . . . . . Squads Dispatched 23 | . . 1 3 . 2 2 4 . . 5 6 Investigation 3 | . . . 1 . . 1 1 . . . . Extermination 4 | . . . . . . 1 . . . 1 2 Reinforcement 10 | . . 1 1 . . . 3 . . 3 2 Assault 3 | . . . . . . . . . . 1 2 Garrison 3 | . . . 1 . 2 . . . . . . Intercept . | . . . . . . . . . . . . Searches Triggered . | . . . . . . . . . . . . Construction Impeded . | . . . . . . . . . . . . Haulers Reinforced . | . . . . . . . . . . . . Active Scanning Responses . | . . . . . . . . . . . . Cargo Convoy Interrupts . | . . . . . . . . . . . . Stealth | -11 -10 -9 -9 -9 -7 -6 -6 -6 -6 -6 -5 --------- Run | Yrd Mat Mat Sto Rec Fac Fac Ext Cet Arc Hub Fac Distress Signals 10 | . 3 1 1 . . . 1 1 . 2 1 Communications Jammed . | . . . . . . . . . . . . Distress Signals . | . . . . . . . . . . . . Times Spotted 128 | . 8 3 13 2 2 4 39 5 4 14 34 Peak Tracking Total 8 | . 4 2 4 1 1 1 4 5 2 5 8 Tactical Retreats 1 | . . . . . . . 1 . . . . Traps | -11 -10 -9 -9 -9 -7 -6 -6 -6 -6 -6 -5 ------- Run | Yrd Mat Mat Sto Rec Fac Fac Ext Cet Arc Hub Fac Traps Triggered 5 | . . 1 1 . . 1 . . . 1 1 Indirectly . | . . . . . . . . . . . . Trap Hack Attempts . | . . . . . . . . . . . . Triggered . | . . . . . . . . . . . . Disarmed . | . . . . . . . . . . . . Reprogrammed . | . . . . . . . . . . . . Reused . | . . . . . . . . . . . . Traps Extracted . | . . . . . . . . . . . . Installed . | . . . . . . . . . . . . Triggered 2 | . . . . . . . 2 . . . . Machines | -11 -10 -9 -9 -9 -7 -6 -6 -6 -6 -6 -5 ---------- Run | Yrd Mat Mat Sto Rec Fac Fac Ext Cet Arc Hub Fac Machines Disabled 17 | . . . 1 . . . 2 1 1 1 11 Max in Single Turn 3 | . . . 1 . . . . . . . 3 Garrison Access 3 | . . . . . 2 . . . . 1 . Machines Repaired . | . . . . . . . . . . . . Machines Dismantled 1 | . . . . . . . . . . 1 . Machines Sabotaged . | . . . . . . . . . . . . Overloaded Fab Kills . | . . . . . . . . . . . . Hacking | -11 -10 -9 -9 -9 -7 -6 -6 -6 -6 -6 -5 --------- Run | Yrd Mat Mat Sto Rec Fac Fac Ext Cet Arc Hub Fac Machines Accessed 34 | . 1 1 1 5 3 4 11 3 . 2 3 Terminals 29 | . 1 1 1 4 1 3 11 3 . 2 2 Fabricators 2 | . . . . . . 1 . . . . 1 Repair Stations . | . . . . . . . . . . . . Recycling Units 1 | . . . . 1 . . . . . . . Scanalyzers . | . . . . . . . . . . . . Garrison Access 2 | . . . . . 2 . . . . . . Total Hacks 78 | . 1 7 3 19 4 8 18 6 . 5 7 Successful 37 | . 1 1 . 9 3 4 11 4 . 1 3 Failed 41 | . . 6 3 10 1 4 7 2 . 4 4 Catastrophic 5 | . . 1 . 1 . 1 . 1 . 1 . Database Lockouts . | . . . . . . . . . . . . Manual 41 | . . 6 5 10 2 4 6 1 . 2 5 Terminals 67 | . 1 7 3 15 1 6 18 6 . 5 5 Fabricators 4 | . . . . . . 2 . . . . 2 Repair Stations . | . . . . . . . . . . . . Recycling Units 4 | . . . . 4 . . . . . . . Scanalyzers . | . . . . . . . . . . . . Garrison Access 3 | . . . . . 3 . . . . . . Terminal Hacks 25 | . 1 1 . 7 . 1 10 4 . 1 . Record 4 | . . . . . . . . 3 . 1 . Robot Schematic 2 | . . . . 2 . . . . . . . Robot Analysis 1 | . . . . . . . 1 . . . . Open Door 8 | . . . . . . 1 6 1 . . . Level Access Points 1 | . . . . 1 . . . . . . . Branch Access Points 1 | . . . . 1 . . . . . . . Alert Level 1 | . . . . . . . 1 . . . . Unreport Threat 2 | . . . . . . . 2 . . . . Dispatch Records 1 | . . 1 . . . . . . . . . Investigation Status 1 | . . . . 1 . . . . . . . Recall Investigation 1 | . . . . 1 . . . . . . . Zone Layout 2 | . 1 . . 1 . . . . . . . Fabricator Hacks 3 | . . . . . . 2 . . . . 1 Load Schematic 2 | . . . . . . 1 . . . . 1 Build 1 | . . . . . . 1 . . . . . Repair Station Hacks . | . . . . . . . . . . . . Recycling Unit Hacks 1 | . . . . 1 . . . . . . . Retrieve Components 1 | . . . . 1 . . . . . . . Scanalyzer . | . . . . . . . . . . . . Garrison Access Hacks 2 | . . . . . 2 . . . . . . Seal Access 2 | . . . . . 2 . . . . . . Unauthorized Hacks 6 | . . . . 1 1 1 1 . . . 2 Terminals 6 | . . . . 1 1 1 1 . . . 2 Botnet 6 | . . . . 1 1 1 1 . . . 2 Fabricators . | . . . . . . . . . . . . Repair Stations . | . . . . . . . . . . . . Recycling Units . | . . . . . . . . . . . . Scanalyzers . | . . . . . . . . . . . . Garrison Access . | . . . . . . . . . . . . Data Cores Recovered 2 | . . . 1 . . . 1 . . . . Used 1 | . . . 1 . . . . . . . . Hacking Detections 23 | . . 1 1 4 . 3 7 2 . 2 3 Full Trace Events 3 | . . . 1 1 . . 1 . . . . Feedback Events . | . . . . . . . . . . . . Feedback Blocked . | . . . . . . . . . . . . Robot Schematics Acquired 2 | . . . . 2 . . . . . . . Robots Built 3 | . . . . . . 3 . . . . . Authchips 1 | . . . . . . 1 . . . . . Time 40 | . . . . . . 40 . . . . . Total Robot Build Rating 3 | . . . . . . 3 . . . . . Part Schematics Acquired . | . . . . . . . . . . . . Parts Built . | . . . . . . . . . . . . Authchips . | . . . . . . . . . . . . Time . | . . . . . . . . . . . . Total Part Build Rating . | . . . . . . . . . . . . Parts Repaired . | . . . . . . . . . . . . Time . | . . . . . . . . . . . . Parts Recycled . | . . . . . . . . . . . . Recycled Matter . | . . . . . . . . . . . . Retrieved Matter . | . . . . . . . . . . . . Retrieved Components 3 | . . . . 3 . . . . . . . Parts Scanalyzed . | . . . . . . . . . . . . Part Schematics Acquired . | . . . . . . . . . . . . Parts Damaged . | . . . . . . . . . . . . Bothacking | -11 -10 -9 -9 -9 -7 -6 -6 -6 -6 -6 -5 ------------ Run | Yrd Mat Mat Sto Rec Fac Fac Ext Cet Arc Hub Fac Used RIF Installer . | . . . . . . . . . . . . Robots Hacked . | . . . . . . . . . . . . Non-combat . | . . . . . . . . . . . . Combat . | . . . . . . . . . . . . Robot Hacks Applied . | . . . . . . . . . . . . Relay Couplers Released 2 | . . . . . . . . . . 2 . Machine Destruction 2 | . . . . . . . . . . 2 . Fabnet Peak Effective % . | . . . . . . . . . . . . Robots Rewired 10 | . . . . . . . 10 . . . . Allies Hacked . | . . . . . . . . . . . . Hacks Repelled . | . . . . . . . . . . . . Allies | -11 -10 -9 -9 -9 -7 -6 -6 -6 -6 -6 -5 -------- Run | Yrd Mat Mat Sto Rec Fac Fac Ext Cet Arc Hub Fac Total Allies 27 | . . . . . . 3 19 5 . . . Largest Group 16 | . . . . . . 3 13 16 14 8 2 Highest-Rated Group 918 | . . . . . . 24 513 918 870 549 192 Highest-Rated Ally 159 | . . . . . . 8 159 159 159 96 96 Total Orders 2 | . . . . . . . . 2 . . . STAY 1 | . . . . . . . . 1 . . . FOLLOW 1 | . . . . . . . . 1 . . . Ally Attacks 347 | . . . . . . 6 198 44 38 56 5 Total Damage 9408 | . . . . . . 54 4053 921 1297 2503 580 Kills 53 | . . . . . . . 29 4 3 14 3 Allies Corrupted 1 | . . . . . . . 1 . . . . Allies Melted . | . . . . . . . . . . . . Intel | -11 -10 -9 -9 -9 -7 -6 -6 -6 -6 -6 -5 ------- Run | Yrd Mat Mat Sto Rec Fac Fac Ext Cet Arc Hub Fac Robot Analysis Total 1 | . . . . . . . 1 . . . . Derelict Logs Recovered . | . . . . . . . . . . . . Drone Launches . | . . . . . . . . . . . . Drone Recoveries . | . . . . . . . . . . . . Exploration | -11 -10 -9 -9 -9 -7 -6 -6 -6 -6 -6 -5 ------------- Run | Yrd Mat Mat Sto Rec Fac Fac Ext Cet Arc Hub Fac Turns Passed 8589 | 2 351 597 378 763 1229 1194 1734 741 176 331 1093 Spaces Moved 4253 | 2 185 234 125 457 538 572 900 446 106 181 507 Core 1 | . . . . . . . . . . . 1 Treads 4121 | . 128 234 125 457 538 572 900 446 106 181 434 Legs 62 | 2 57 . . . . . . . . . 3 Wheels 69 | . . . . . . . . . . . 69 Hover . | . . . . . . . . . . . . Flight . | . . . . . . . . . . . . Fastest Speed 95 | 120 120 160 240 160 160 155 162 162 162 162 95 Average Speed 175 | 120 161 237 240 160 217 171 162 162 162 162 154 Slowest Speed 350 | 120 190 240 240 240 240 240 162 162 162 162 350 Overloaded Moves . | . . . . . . . . . . . . Propulsion Burnouts . | . . . . . . . . . . . . Robots Hopped . | . . . . . . . . . . . . Cave-ins Triggered . | . . . . . . . . . . . . Exploration Rate (%) 38 | 2 25 20 30 66 14 11 91 78 90 18 15 Regions Visited 11 Branch Regions 6 Pre-discovered Areas . | . . . . . . . . . . . . Known Exits Taken 7 | . . . . 1 1 1 1 1 1 1 . Unknown Exits Taken 4 | 1 1 1 1 . . . . . . . . Scrap Searched . | . . . . . . . . . . . . Spaces Dug 15 | . . . 7 . 4 1 1 . . . 2 Terrain Destroyed 87 | . . . 19 . 4 2 2 . . 2 58 Melee 7 | . . . . . 3 1 1 . . . 2 Projectile 21 | . . . . . 1 1 1 . . 2 16 AOE 59 | . . . 19 . . . . . . . 40 Terrain Rammed . | . . . . . . . . . . . . Walls Destroyed . | . . . . . . . . . . . . Machines Disabled . | . . . . . . . . . . . . Actions | -11 -10 -9 -9 -9 -7 -6 -6 -6 -6 -6 -5 --------- Run | Yrd Mat Mat Sto Rec Fac Fac Ext Cet Arc Hub Fac Total 5097 | 1 213 272 165 475 585 778 1147 463 110 199 689 Wait 438 | . 9 1 6 . 22 172 138 . 5 3 82 Move 4242 | 1 184 233 124 456 537 571 899 445 105 180 507 Hop . | . . . . . . . . . . . . Pick Up 29 | . . 12 2 1 3 3 1 5 . . 2 Fast Attach 36 | . 3 5 3 3 5 6 2 3 . 2 4 Attach 21 | . . 1 . . 1 3 . . . . 16 Detach 2 | . . . . . 1 1 . . . . . Swap 29 | . 2 4 3 2 2 5 6 1 . 3 1 Drop 55 | . 3 12 4 4 6 8 8 7 . . 3 Fire 151 | . 11 3 23 7 5 8 19 2 . 5 68 Melee 14 | . . . . . 3 1 8 . . . 2 Ram 2 | . . . . . . . . . . . 2 Kick . | . . . . . . . . . . . . Crush 7 | . 1 1 . 2 . . . . . 1 2 Escape Stasis 2 | . . . . . . . 2 . . . . Rewire 64 | . . . . . . . 64 . . . . Trap . | . . . . . . . . . . . . Miscellaneous 5 | . . . . . . . . . . 5 . Route ------- -11/Scrapyard -10/Materials -9/Materials -9/Storage -9/Recycling -7/Factory -6/Factory (discovered 2 exits: *Low / *Ext) -6/Extension (discovered 3 exits: *Fac x2 / *Cet) -6/Cetus -6/Archives (discovered 3 exits: *Fac / *Hub x2) -6/Hub_04(d) (discovered 2 exits: *Fac x2) -5/Factory History --------- Turn | Location | Event 1 | -11/Scrapyard | Discovered new exit (range 1) 3 | -11/Scrapyard | Entered Materials 300 | -10/Materials | Build established: Mutant 314 | -10/Materials | Discovered new exit (range 15) 354 | -10/Materials | Entered another Materials area 354 | -9/Materials | Evolved 2 slots: Utility x2 941 | -9/Materials | Discovered new exit (range 4) 951 | -9/Materials | Entered Storage 1230 | -9/Storage | Garrison activated, responded to threat 1322 | -9/Storage | Used back door to open Recycling access 1322 | -9/Storage | Discovered new exit (range 4) 1329 | -9/Storage | Entered Recycling 1330 | -9/Recycling | Joined Warlord attack on 0b10 via Recycling 1338 | -9/Recycling | Found Scrap Engine 1940 | -9/Recycling | Identified exit to Factory 2092 | -9/Recycling | Entered Factory 2092 | -7/Factory | Evolved 4 slots: Propulsion x2, Utility x2 2175 | -7/Factory | Garrison activated, responded to threat 2334 | -7/Factory | Lost 9 allies 3035 | -7/Factory | Build established: Scavenger-Assassin 3207 | -7/Factory | Discovered new exit (range 16) 3231 | -7/Factory | Identified exit to Factory 3321 | -7/Factory | Entered another Factory area 3321 | -6/Factory | Evolved 2 slots: Utility x1, Weapon x1 3486 | -6/Factory | Discovered new exit (range 16) 3522 | -6/Factory | Identified exit to Lower Caves 3604 | -6/Factory | Fabricated G-34 Mercenary (x3) 3694 | -6/Factory | Lost 3 allies 4508 | -6/Factory | Discovered new exit (range 5) 4512 | -6/Factory | Identified exit to Extension 4515 | -6/Factory | Entered Extension 4645 | -6/Extension | Rescued A7 4745 | -6/Extension | Rescued a captive Derelict 4746 | -6/Extension | Rescued a captive Derelict 4903 | -6/Extension | Rescued a captive Derelict 5365 | -6/Extension | Build established: Commander-Assassin 5427 | -6/Extension | Spotted B-75 Beast 5444 | -6/Extension | Spotted B-75 Beast 5444 | -6/Extension | Allies destroyed B-75 Beast 5455 | -6/Extension | Discovered new exit (range 15) 5459 | -6/Extension | Destroyed B-75 Beast 5488 | -6/Extension | Lost 3 allies 5546 | -6/Extension | Identified exit to Factory 5908 | -6/Extension | Rescued a captive Derelict 5909 | -6/Extension | Rescued a captive Derelict 5935 | -6/Extension | Rescued a captive Derelict 5936 | -6/Extension | Rescued a captive Derelict 5968 | -6/Extension | Rescued a captive Derelict 5989 | -6/Extension | Build established: Scavenger-Assassin 6210 | -6/Extension | Discovered new exit (range 10) 6211 | -6/Extension | Discovered exit to Factory (range 13) 6245 | -6/Extension | Identified exit to Cetus 6249 | -6/Extension | Entered Cetus 6249 | -6/Cetus | Accompanied by 13 allies (A7) 6254 | -6/Cetus | Acquired a Cetus Manufacturing Module code from A7 6268 | -6/Cetus | Spotted Cetus Guard 6268 | -6/Cetus | Spotted Cetus Guard 6270 | -6/Cetus | Spotted Cetus Guard 6271 | -6/Cetus | Spotted Cetus Guard 6277 | -6/Cetus | Allies destroyed Cetus Guard 6289 | -6/Cetus | Allies destroyed Cetus Guard 6292 | -6/Cetus | Destroyed Cetus Guard 6296 | -6/Cetus | Allies destroyed Cetus Guard 6378 | -6/Cetus | Build established: Commander-Assassin 6461 | -6/Cetus | Escorted A7 to Cetus Mainframe 6499 | -6/Cetus | Started Cetus Manufacturing Module 6517 | -6/Cetus | Discovered new exit (range 20) 6524 | -6/Cetus | Manufactured an Enhanced Grunt 6549 | -6/Cetus | Manufactured an Enhanced Grunt 6574 | -6/Cetus | Manufactured an Enhanced Grunt 6599 | -6/Cetus | Manufactured an Enhanced Grunt 6624 | -6/Cetus | Manufactured an Enhanced Grunt 6687 | -6/Cetus | Identified exit to Archives 6990 | -6/Cetus | Entered Archives 6990 | -6/Archives | Accompanied by 14 allies (A7) 6995 | -6/Archives | Received a hacking code to weaken MAIN.C 7023 | -6/Archives | Discovered new exit (range 20) 7042 | -6/Archives | Lost 5 allies 7055 | -6/Archives | Identified exit to Hub_04(d) 7097 | -6/Archives | Discovered exit to Factory (range 18) 7112 | -6/Archives | Discovered exit to Hub_04(d) (range 16) 7166 | -6/Archives | Entered Hub_04(d) 7166 | -6/Hub_04(d) | Accompanied by 8 allies 7483 | -6/Hub_04(d) | Discovered exit to Factory (range 5) 7484 | -6/Hub_04(d) | Discovered exit to Factory (range 8) 7497 | -6/Hub_04(d) | Entered Factory 7497 | -5/Factory | Accompanied by 2 allies 7497 | -5/Factory | Evolved 2 slots: Utility x2 7533 | -5/Factory | Lost 3 allies 7588 | -5/Factory | Build established: Scavenger-Assassin 8097 | -5/Factory | First assault squad dispatched 8476 | -5/Factory | Core integrity fell below 50% 8492 | -5/Factory | Lost 13 parts (1p5n4u3w) 8583 | -5/Factory | Core integrity fell below 20% 8590 | -5/Factory | Destroyed by G-50 Soldier with Heavy Laser Last Messages --------------- 08579_ Penetrated by Slug. 08579_ Slug penetrates Wall. 08581_ ALERT: Rogue bot located, Programmers report to Factory Zone 5X. 08581_ Penetrated by Slug. 08582_ Knocked back. 08583_ Destroyed Phase Shifter. 08583_ B-60 Warrior destroyed. 08583_ Penetrated by Slug. 08584_ Grenade Launcher destroyed. 08585_ Penetrated by Slug. 08585_ Plasma Cutter destroyed. 08585_ Critical hit (Burn: +37). 08586_ Penetrated by Slug. 08588_ Adv. Visual Processing Unit destroyed. 08589_ Slug penetrates Wall. 08589_ Penetrated by Slug. 08589_ Dropped Lrg. Storage Unit. 08589_ R-10 Processor collects Lrg. Storage Unit. Map ----- +----------------------------------------------------+ | ############### =#??#???????# | | #?????????????#######################+ | | #???????????????????# | | ?????????????????# | | ????????????????# | | ??????????????# | | ?????????????# | | #????????????# ###/ # | | #+### #???????###### # # | | ????? ?????? == # " #?##### | | ????? ????? = # " #?#???? | | ?????? ????? # " #?????? | | ?????? ???????""""" """"""" # ] " #?????? | | ??????? ????????"""""" """"""" # " #?#???? | | ????????????????""""""" """"""" # " #?????? | | ????????????????""""""" """"""" # " #?????? | | ????????????????? #"" " #?#???? | | ????????????????? """"""" #"T " #?????? | | ?????????????????" """ """"""" #"" #?????? | | ?????????????? ?""F""" """"""" # #?????? | | ?????????????# """"" """""""i gg #######?????? | | ????????????????? g #???????????? | | ????????????????? #???#???????? | | ???????????????????###### #??#????????? | | ????????????????????????# % #???????#???? | | ????????????????????????#@ h #???????????? | | ????????????????????????# R h #???????????? | | ????????????????????????# #+#######???????? | | ????????????????????????# # # #???????? | | ????????????????????????# # #### ! #???????? | | ????????????????????????# ###??# !!#???????? | | ????????????????????????# #????# !!#???????? | | ????????????????????????# #?#??# = ! #???????? | | ????????????????????????# #????# ##??????? | | ????????????????????????# #????# [ #?#????#? | | ????????????????????????# #????# #???????? | | ????????????????????????# ?????###########???????? | | ???????????????? ???????# ???????????????????????? | | ????????????????????????? ?????????????#?????????? | | ????????????????????????? ????#??????????????????? | | ????????????????????????? ????#??????????????????? | | ?????????????????????????+???????????????????????? | | ?????????????????????????????????#???????????????? | | ????????????????????????????????????????????#????? | | ???????????????????????????????????????#?????????? | | ?????????????????????????????????????????????????? | | ?????????????????????????????????????????????????? | | ?????????????????????????????????????????????????? | | ?????????????????????????????????????????????????? | | ?????????????????????????????????????????????????? | +----------------------------------------------------+ Best States ------------- Heat Dissipation 40 Energy Generation 25 Energy Capacity 350 Matter Stores 300 Matter Capacity 300 Sight Range 20 Robot Scan Range 16 Terrain Scan Range 20 Terrain Scan Density 210 Armor Coverage 600 Resistance: KI 20 Resistance: TH 40 Resistance: EX 20 Resistance: EM 20 Resistance: I 20 Resistance: S 20 Resistance: P 20 Evasion (%) 50 Targeting Accuracy 16 Recoil Reduction 4 Offensive Hacking 10 Authchip Count 1 Item Schematics ----------------- None Robot Schematics ------------------ G-34 Mercenary | -9/Recycling | Hacked S-10 Pest | -9/Recycling | Hacked Fabricated ------------ G-34 Mercenary | x3 | -6/Factory | Authchip Alien Tech Used ----------------- None Achievements -------------- None Challenges ------------ None Game ------ Seed PointyMasterCore Manual? 0 Play Time 01:19:46 Cumulative 63.3 hours Start 2024.05.28 @ 18:18:22 End 2024.05.28 @ 21:17:33 Sessions 3 Manual Loads 0 Difficulty Adventurer Special Mode None Game No. 81 Rogue 0 Adventurer 76 Explorer 5 Win Type - Total 1 Types 1/0/0/0/0/0/0/0/0 Lore% 33 Gallery% 48 Achievement% 37 Wizard Run 0 Options --------- Layout 1 ASCII 0 Keyboard 0 Movement Arrows Keybinds 0 Fullscreen 2 Font 24/Smallcaps Map View 50x35 Zoom Use 0% Tactical HUD 1 Map Filters NONE Filters NONE Steam 1 RUN: 2546a8fb-b156-408d-95f0-4bdea297524c